 Dungeon Crawl Stone Soup version 0.21-a0-221-gfe971b9 (webtiles) character file.

2343 tidbits the Martial Artist (level 9, 0/63 HPs)
             Began as a Demigod Transmuter on Aug 26, 2017.
             Slain by a yak (15 damage)
             ... on level 7 of the Dungeon.
             The game lasted 00:41:53 (3623 turns).

tidbits the Martial Artist (Demigod Transmuter)     Turns: 3623, Time: 00:41:55

Health: 0/63       AC:  2    Str: 13    XL:     9   Next: 0%
Magic:  12/17      EV: 12    Int: 23    God:
Gold:   284        SH:  0    Dex: 16    Spells: 3/14 levels left

rFire    . . .     SeeInvis .     - Unarmed
rCold    . . .     Gourm    .   (shield currently unavailable)
rNeg     . . .     Faith    +   b - +0 robe
rPois    +         Spirit   .   (helmet restricted)
rElec    .         Reflect  .   (no cloak)
rCorr    .         Harm     .   (gloves currently unavailable)
MR       +....     Rnd*Rage +   (no boots)
Stlth    +.........             m - amulet of faith
HPRegen  0.60/turn              P - ring of poison resistance
MPRegen  0.15/turn              H - ring of protection from magic

@: blade hands
A: horns 1, berserk 1, high mp 1, sense surroundings 1, regeneration 1
a: End Transformation


You were on level 7 of the Dungeon.
You were not hungry.
You had blades for hands.
You visited 1 branch of the dungeon, and saw 8 of its levels.

You collected 284 gold pieces.

Inventory:

Hand Weapons
 a - a +6 whip of electrocution (melded)
   (You took it off an orc on level 5 of the Dungeon)
 w - the +1 falchion of the Philosopher {slice, rC+++ Int-3 Dex+6}
   (You found it on level 6 of the Dungeon)

   It inflicts extra damage upon your enemies.
   It affects your intelligence (-3).
   It affects your dexterity (+6).
   It renders you almost immune to cold.
 C - a +0 whip of draining
   (You took it off a kobold on level 3 of the Dungeon)
Missiles
 d - 61 arrows
 f - 73 stones (quivered)
 p - 80 bolts
Armour
 b - a +0 robe (worn)
 o - a +0 helmet
 G - a +1 pair of gloves of dexterity (melded)
   (You found it on level 8 of the Dungeon)
Jewellery
 j - an uncursed ring of fire
   (You found it on level 1 of the Dungeon)
 l - an uncursed ring of fire
   (You took it off a hobgoblin on level 3 of the Dungeon)
 m - an amulet of faith (around neck)
   (You found it on level 1 of the Dungeon)
 H - a ring of protection from magic (right scythe-like blade)
   (You found it on level 6 of the Dungeon)
 P - a ring of poison resistance (left scythe-like blade)
   (You found it on level 4 of the Dungeon)
Wands
 I - a wand of polymorph (13/24)
Scrolls
 g - 2 scrolls of magic mapping
 i - a scroll of identify
 n - a scroll of fear {unknown}
 r - 4 scrolls of remove curse
 t - 4 scrolls of teleportation
 u - a scroll of amnesia {unknown}
 y - a scroll of vulnerability {unknown}
 B - a scroll of blinking {unknown}
 D - a scroll of enchant armour {unknown}
 E - a scroll of recharging {unknown}
Potions
 e - 2 potions of heal wounds
 h - 2 potions of flight
 s - 2 potions of resistance
 z - a potion of ambrosia
Books
 c - a book of Changes

   Spells                             Type                      Level
   a - Beastly Appendage              Transmutation                1
   b - Sticks to Snakes               Transmutation                2
   c - Spider Form                    Transmutation/Poison         3
   d - Ice Form                       Ice/Transmutation            4
   e - Blade Hands                    Transmutation                5
 v - a book of Minor Magic
   (You found it on level 6 of the Dungeon)

   Spells                             Type                      Level
   a - Magic Dart                     Conjuration                  1
   b - Blink                          Translocation                2
   c - Call Imp                       Summoning                    2
   d - Slow                           Hexes                        2
   e - Conjure Flame                  Conjuration/Fire             3
   f - Mephitic Cloud                 Conjuration/Poison/Air       3
 x - a book of Misfortune
   (You found it on level 5 of the Dungeon)

   Spells                             Type                      Level
   a - Confusing Touch                Hexes                        1
   b - Confuse                        Hexes                        3
   c - Gell's Gravitas                Translocation                3
   d - Petrify                        Transmutation/Earth          4
   e - Metabolic Englaciation         Hexes/Ice                    5
   f - Yara's Violent Unravelling     Hexes/Transmutation          5
Comestibles
 k - 2 royal jellies
 q - 2 bread rations
 A - a meat ration


   Skills:
 - Level 0.8 Fighting
 - Level 1.7 Dodging
 - Level 8.5 Unarmed Combat
 - Level 3.1 Spellcasting
 + Level 7.6 Transmutations


You had 3 spell levels left.
You knew the following spells:

 Your Spells              Type           Power        Failure   Level  Hunger
e - Beastly Appendage     Tmut           #####.       12%         1    None
h - Blade Hands           Tmut           #####.....   54%         5    ######.
k - Sticks to Snakes      Tmut           #####...     13%         2    ##.....
p - Spider Form           Tmut/Pois      ###.......   38%         3    ###....


Dungeon Overview and Level Annotations

Branches:
Dungeon (8/15)             Temple (0/1) D:5            Lair (0/6) D:8

Shops:
D:4 =   D:6 [

Annotations:
D:2 Sigmund
D:3 1 runed door, Stormphoenix's ghost, amateur TrMo
D:6 tidbits's ghost, novice DgTm
D:7 exclusion: ice statue


Innate Abilities, Weirdness & Mutations

You have an increased reservoir of magic. (+10% MP)
You have a pair of small horns on your head.
You tend to lose your temper in combat.
You passively map a small area around you.
Your natural rate of healing is unusually fast.


Message History

Confirm with . or Enter, or press ? or * to list all spells.
You turn into a venomous arachnid creature.
Your +6 whip of electrocution melds into your body.
Your +1 pair of gloves of dexterity melds into your body.
Your +0 robe melds into your body.
Your +6 whip of electrocution stops crackling.
You feel clumsy. The yak gores you! The yak gores you.
You bite the yak!
The yak is moderately wounded.
The yak gores you! The yak gores you.
* * * LOW HITPOINT WARNING * * *
You bite the yak!
The yak is poisoned.
The yak is heavily wounded.
The yak completely misses you.
You bite the yak!
The yak is severely wounded.
The yak gores you.
* * * LOW HITPOINT WARNING * * *
The yak barely misses you.
You bite the yak!
The yak looks as sick as possible!
The yak is almost dead.
You kill the yak!
You feel your dexterity returning.
Your Transmutations skill increases to level 7!
You hit the yak but do no damage.
The yak is poisoned.
The yak completely misses you. The yak gores you!
* * * LOW HITPOINT WARNING * * *
You hit the yak.
The yak is lightly wounded.
The yak completely misses you. The yak misses you.
You feel much better. The yak gores you!
* * * LOW HITPOINT WARNING * * *
The yak gores you.
* * * LOW HITPOINT WARNING * * *
You feel much better. The yak gores you.
* * * LOW HITPOINT WARNING * * *
The yak barely misses you.
You hit the yak.
The yak looks even sicker.
The yak is moderately wounded.
The yak closely misses you. The yak barely misses you.
You hit the yak.
The yak looks as sick as possible!
The yak is moderately wounded.
The yak completely misses you.
You hit the yak but do no damage.
The yak looks as sick as possible!
The yak is moderately wounded.
The yak closely misses you.
You bite the yak!
The yak looks as sick as possible!
The yak is severely wounded.
The yak misses you. The yak barely misses you.
You hit the yak but do no damage.
The yak is almost dead.
The yak gores you!
* * * LOW HITPOINT WARNING * * *
The yak misses you.
You completely miss the yak.
The yak is almost dead.
The yak barely misses you. The yak gores you!
* * * LOW HITPOINT WARNING * * *
You bite the yak!
You kill the yak!
You have reached level 9!
Your experience leads to a dramatic increase in your attributes!
Your base attributes are Str 13, Int 21, Dex 16.
Increase (S)trength, (I)ntelligence, or (D)exterity?
You feel clever. x2
The yak completely misses you. The yak misses you.
You see here a yak corpse.
Your transformation is almost over.
Your transformation has ended.
Your +6 whip of electrocution unmelds from your body.
Your +1 pair of gloves of dexterity unmelds from your body.
Your +0 robe unmelds from your body.
You hear the crackle of electricity.
You feel agile. The yak barely misses you.
Casting: Spider Form
Confirm with . or Enter, or press ? or * to list all spells.
Your hands turn into razor-sharp scythe blades.
Your +6 whip of electrocution melds into your body.
Your +1 pair of gloves of dexterity melds into your body.
Your +6 whip of electrocution stops crackling.
You feel clumsy. The yak gores you!
You hit the yak.
The yak is lightly wounded.
The yak gores you!
* * * LOW HITPOINT WARNING * * *
You slash the yak!
The yak is moderately wounded.
You hit the yak but do no damage. Your headbutt misses the yak.
You slash the yak!
The yak is heavily wounded.
The yak gores you!
* * * LOW HITPOINT WARNING * * *
You barely miss the yak.
The yak is heavily wounded.
The yak gores you!
You die...

#.# #.# #.# #.# #.#
#.# #.# #.# #.# #.#
#.# #.# #.# #.#
##.# #.# #.# #.#
#..# #.# #.# #.#
###.####.#
#.####.###.....##.#
#........#.#.#.##.#
######.........@Y.#
#.....#.#.####
######.#.#.....#
#............###
#.####.#.#.### #.#
#..<..# ##.#
###.### ...######.#
..........#


You could see a yak.

Vanquished Creatures
  A hippogriff (D:7)
  2 yaks (D:7)
  A hungry ghost (D:7)
  Menkaure (D:5)
  A porcupine (D:8)
  An ice beast (D:4)
  2 orc warriors
  A phantom (D:5)
  2 bullfrogs
  2 scorpions
  3 crimson imps
  A quasit (D:7)
  4 hounds
  A jelly (D:6)
  6 orc wizards
  A gnoll shaman (D:7)
  An orc priest (D:5)
  2 iguanas (D:5)
  6 worker ants
  A hound zombie (D:5)
  A hound skeleton (D:7)
  3 gnolls (D:7)
  A river rat (D:8)
  3 adders
  An ooze (D:2)
  An adder skeleton (D:4)
  An adder zombie (D:6)
  A dart slug (D:3)
  23 orcs
  5 giant cockroaches
  8 goblins
  3 hobgoblins
  8 jackals
  4 quokkas
  6 bats
  3 frilled lizards
  7 kobolds
  A leopard gecko skeleton (D:6)
  3 rats (D:1)
123 creatures vanquished.

Vanquished Creatures (collateral kills)
  A necrophage (D:7)
  Terence (D:2)
  An adder (D:5)
3 creatures vanquished.

Grand Total: 126 creatures vanquished

Notes
Turn   | Place    | Note
-------+----------+-------------------------------------------
     0 | D:1      | tidbits the Demigod Transmuter began the quest for the Orb.
     0 | D:1      | Reached XP level 1. HP: 15/15 MP: 5/5
   132 | D:1      | Reached skill level 2 in Spellcasting
   156 | D:1      | Reached skill level 2 in Transmutations
   311 | D:1      | Reached XP level 2. HP: 8/22 MP: 5/7
   315 | D:1      | Learned a level 2 spell: Sticks to Snakes
   413 | D:2      | Noticed Sigmund
   624 | D:2      | Found a shadowy altar of Dithmenos.
   807 | D:2      | Noticed Terence
   830 | D:2      | Killed Terence
   830 | D:2      | Reached skill level 3 in Transmutations
   830 | D:2      | Reached XP level 3. HP: 14/27 MP: 2/8
   837 | D:2      | Learned a level 3 spell: Spider Form
   956 | D:3      | Found a hide-covered altar of Uskayaw.
   981 | D:3      | Reached skill level 3 in Unarmed Combat
   988 | D:3      | Noticed Stormphoenix's ghost (amateur TrMo)
  1043 | D:4      | Noticed a scorpion
  1173 | D:3      | Reached XP level 4. HP: 30/34 MP: 5/9
  1387 | D:3      | Found a glowing golden altar of the Shining One.
  1387 | D:3      | Found a runed door.
  1387 | D:3      | Noticed an angel
  1459 | D:4      | Reached skill level 4 in Unarmed Combat
  1474 | D:4      | Reached XP level 5. HP: 25/39 MP: 4/10
  1509 | D:4      | Gained mutation: Your natural rate of healing is unusually fast. [potion of mutation]
  1509 | D:4      | Gained mutation: You tend to lose your temper in combat. [potion of mutation]
  1509 | D:4      | Gained mutation: You passively map a small area around you. [potion of mutation]
  1509 | D:4      | Gained mutation: You have a pair of small horns on your head. [potion of mutation]
  1594 | D:4      | Reached skill level 5 in Unarmed Combat
  1619 | D:5      | Entered Level 5 of the Dungeon
  1630 | D:5      | Reached XP level 6. HP: 10/46 MP: 2/11
  1712 | D:4      | Reached skill level 6 in Unarmed Combat
  1809 | D:4      | Found Bioz's Jewellery Shop.
  2159 | D:6      | Reached XP level 7. HP: 51/51 MP: 1/13
  2169 | D:6      | Reached skill level 7 in Unarmed Combat
  2309 | D:6      | Noticed tidbits's ghost (novice DgTm)
  2463 | D:5      | Found a staircase to the Ecumenical Temple.
  2494 | D:5      | Reached skill level 8 in Unarmed Combat
  2545 | D:5      | Noticed Menkaure
  2654 | D:5      | Reached skill level 3 in Spellcasting
  2666 | D:5      | Learned a level 5 spell: Blade Hands
  2698 | D:5      | Killed Menkaure
  2698 | D:5      | Reached XP level 8. HP: 58/58 MP: 4/15
  2845 | D:6      | Found Vusiuhut's Antique Armour Emporium.
  2950 | D:7      | Reached skill level 4 in Transmutations
  2968 | D:7      | Noticed an ice statue
  3114 | D:7      | Noticed a hippogriff
  3131 | D:7      | Killed a hippogriff
  3131 | D:7      | Reached skill level 5 in Transmutations
  3176 | D:8      | Noticed a hippogriff
  3226 | D:8      | Reached skill level 6 in Transmutations
  3233 | D:8      | Found a staircase to the Lair.
  3234 | D:8      | Noticed a death yak
  3234 | D:8      | Noticed a death yak
  3239 | D:8      | Noticed a death yak
  3376 | D:6      | Got a shimmering falchion
  3377 | D:6      | Identified the +1 falchion of the Philosopher {slice, rC+++ Int-3 Dex+6} (You found it on level 6 of the Dungeon)
  3561 | D:7      | Reached skill level 7 in Transmutations
  3572 | D:7      | Reached XP level 9. HP: 13/63 MP: 15/17
  3623 | D:7      | Slain by a yak

Vault maps used:
D:1:      dpeg_arrival_rooms_a
D:2:      grunt_dithmenos_smoke_and_mirrors, uniq_sigmund, uniq_terence
D:3:      lemuel_crystal_altar, first_bread, minmay_stone_trees_medium,
          lemuel_angel_altar
D:4:      serial_shops, nicolae_shop_trees
D:5:      minmay_temple_entry_statues, uniq_menkaure
D:6:      serial_shops, shop, grunt_decor_clamped,
          hangedman_abyss_or_decor_lesser_grid
D:7:      lemuel_ice_statue
D:8:      dpeg_lair_monsters, serial_shops, shop, st_stairs_9, uniq_erica

Skill      XL: |  1  2  3  4  5  6  7  8 |
---------------+-------------------------+-----
Spellcasting   | 2 3 |  3.1
Transmutations | 2 3 7 |  7.6
Unarmed Combat | 3 4 5 6 8 |  8.5
Fighting       | |  0.8
Dodging        | |  1.7

Action                   |  1- 3 |  4- 6 |  7- 9 || total
-------------------------+-------+-------+-------++-------
Melee: Spear             |    91 |       |       ||    91
       Kick              |    12 |       |     1 ||    13
       Punch             |     1 |     1 |     1 ||     3
       Unarmed           |    39 |   114 |   135 ||   288
       Whip              |       |    27 |    18 ||    45
       Headbutt          |       |     2 |     9 ||    11
 Cast: Beastly Appendage |    14 |     1 |     2 ||    17
       Sticks to Snakes  |     5 |     9 |    13 ||    27
       Spider Form       |     7 |    17 |    20 ||    44
       Blade Hands       |       |       |     1 ||     1
 Abil: End Transformatio |       |       |     5 ||     5
  Use: Scroll            |     5 |     2 |    12 ||    19
       Potion            |       |     2 |     4 ||     6
 Stab: Sleeping          |     2 |     2 |     1 ||     5
       Distracted        |     1 |       |       ||     1
  Eat: Chunk             |     1 |     3 |     7 ||    11
       Bread ration      |     1 |       |       ||     1
       Fruit             |       |       |     2 ||     2
       Royal jelly       |       |       |     1 ||     1
Armor: Robe              |    15 |    10 |     3 ||    28
       Skin              |     1 |     4 |     8 ||    13
Dodge: Dodged            |    73 |    96 |   122 ||   291

Table legend:
 A = Spawn XP
 B = Non-spawn XP
 C = Spawn XP percentage of total XP
 D = Spawn monster count
 E = Non-spawn monster count
 F = Spawn count percentage of total count
 G = Total turns spent on level
                    A         B        C        D         E        F      G
               +---------+---------+-------+---------+---------+-------+---------
         Total |       8 |    3340 |   0.2 |       5 |     121 |   4.0 |  3623
               +---------+---------+-------+---------+---------+-------+---------
           D:1 |       1 |      28 |   3.4 |       1 |      17 |   5.6 |   597
           D:2 |       2 |      48 |   4.0 |       1 |       6 |  14.3 |   312
           D:3 |       4 |      70 |   5.4 |       2 |      25 |   7.4 |   587
           D:4 |       1 |     423 |   0.2 |       1 |      20 |   4.8 |   573
           D:5 |       0 |     658 |   0.0 |       0 |      22 |   0.0 |   446
           D:6 |       0 |     487 |   0.0 |       0 |      11 |   0.0 |   447
           D:7 |       0 |    1422 |   0.0 |       0 |      17 |   0.0 |   556
           D:8 |       0 |     204 |   0.0 |       0 |       3 |   0.0 |   105
               +---------+---------+-------+---------+---------+-------+---------

Table legend:
 A = Turns spent in this place as a percentage of turns spent in the entire game.
 B = Non-inter-level travel turns spent in this place as a percentage of non-inter-level travel turns spent in the entire game.
 C = Inter-level travel turns spent in this place as a percentage of turns spent in this place.
 D = Turns resting spent in this place as a percentage of non-inter-level travel turns spent in this place.
 E = Turns spent auto-exploring this place as a percentage of non-inter-level travel turns spent in this place.
 F = Non-inter-level travel turns spent in this place divided by the number of levels of this place that you've seen.
                   A       B       C       D       E      F
               +-------+-------+-------+-------+-------+----------------------
         Total | 100.0 | 100.0 |   3.5 |   0.0 |   0.0 | 436.9
       Dungeon | 100.0 | 100.0 |   3.5 |   0.0 |   0.0 | 436.9
               +-------+-------+-------+-------+-------+----------------------

Table legend:
 A = Kills in this place as a percentage of kills in entire the game.
 B = Kills by you in this place as a percentage of kills by you in the entire game.
 C = Kills by friends in this place as a percentage of kills by friends in the entire game.
 D = Other kills in this place as a percentage of other kills in the entire game.
 E = Experience gained in this place as a percentage of experience gained in the entire game.
 F = Experience gained in this place divided by the number of levels of this place that you have seen.
                   A       B       C       D       E      F
               +-------+-------+-------+-------+-------+----------------------
         Total | 100.0 | 100.0 | 100.0 |   N/A | 100.0 | 418.5
       Dungeon | 100.0 | 100.0 | 100.0 |   N/A | 100.0 | 418.5
               +-------+-------+-------+-------+-------+----------------------

Vault maps used:
D:1:      dpeg_arrival_rooms_a
D:2:      grunt_dithmenos_smoke_and_mirrors, uniq_sigmund, uniq_terence
D:3:      lemuel_crystal_altar, first_bread, minmay_stone_trees_medium,
          lemuel_angel_altar
D:4:      serial_shops, nicolae_shop_trees
D:5:      minmay_temple_entry_statues, uniq_menkaure
D:6:      serial_shops, shop, grunt_decor_clamped,
          hangedman_abyss_or_decor_lesser_grid
D:7:      lemuel_ice_statue
D:8:      dpeg_lair_monsters, serial_shops, shop, st_stairs_9, uniq_erica
